 Dungeon Crawl Stone Soup version 0.31.0-32-g396128a36d (webtiles) character file.

Game seed: 1730824559863669486

362 hawla the Arsonist (level 6, 0/32 HPs)
             Began as a Deep Elf Fire Elementalist on Apr 17, 2024.
             Slain by a fire bat (2 damage)
             ... on level 4 of the Dungeon.
             The game lasted 00:06:45 (3750 turns).

hawla the Arsonist (Deep Elf Fire Elementalist)     Turns: 3750, Time: 00:06:46

Health: 0/32       AC:  2    Str:  5    XL:     6   Next: 39%
Magic:  12/12      EV: 12    Int: 22    God:
Gold:   255        SH:  0    Dex: 15    Spells: 4/11 levels left

rFire   + . .        d - staff of cold
rCold   + + .        (no shield)
rNeg    . . .        a - +0 robe
rPois   +            (no helmet)
rElec   +            (no cloak)
rCorr   +            (no gloves)
SInv    +            (no boots)
Will    .....        (no amulet)
Stlth   ++           b - ring of see invisible
HPRegen 0.25/turn    f - ring of flight
MPRegen 0.13/turn

%: no passive effects
@: resistant, flying
A: no striking features
a: no special abilities


You were on level 4 of the Dungeon.
You visited 1 branch of the dungeon, and saw 4 of its levels.

You collected 255 gold pieces.

Inventory:

Armour
 a - a +0 robe (worn)
Magical Staves
 d - a staff of cold (weapon)
Jewellery
 b - a ring of see invisible (left hand)
 f - a ring of flight (right hand)
Wands
 n - a wand of light (8) (quivered)
Scrolls
 c - 3 scrolls of teleportation
 i - a scroll of fear
 j - a scroll of fog
Potions
 e - a potion of might
 g - a potion of curing
 h - a potion of enlightenment {unknown}
 k - a potion of heal wounds
 l - a potion of lignification {unknown}
 m - 2 potions of resistance


   Skills:
 - Level 2.4 Dodging
 - Level 2.4 Stealth
 - Level 3.0 Spellcasting
 - Level 1.1 Conjurations
 + Level 8.0 Fire Magic


You had 4 spell levels left.
You knew the following spells:

 Your Spells              Type           Power      Damage    Failure   Level
a - Foxfire               Conj/Fire      92%        2x1d8     1%          1
b - Scorch                Fire           76%        2d8       1%          2
c - Flame Wave            Conj/Fire      23%        2d8       19%         4

Your spell library contained the following spells:

 Spells                   Type           Power      Damage    Failure   Level
 Inner Flame              Hex/Fire       20%        N/A       7%          3
 Volatile Blastmotes      Fire/Tloc      40%        2d13      7%          3


Dungeon Overview and Level Annotations

Branches:
Dungeon (4/15)
 Temple: D:4-7

Altars:
Cheibriados
Sif Muna

Shops:
D:3 :

Annotations:
D:4 1 transporter


Message History

Unknown command.
Your foxfire dissipates!
Your foxfire dissipates!
Your magical contamination has completely faded away.
Things that are here:
a +3 hand axe; a +0 leather armour; an orc corpse
There is an open door here.
Things that are here:
a +0 war axe; a +0 short sword; an orc corpse
Items here: )) [ ††.
Partly explored, unvisited transporter.
Partly explored, unvisited transporter.
Partly explored, unvisited transporter.
Search for what [Enter for "rmo", or ? for help]? tif Search for what [Enter for "tif", or ? for help]? taf Search for what [Enter for "taf", or ? for help]? rmo You see here a +0 sling.
There is an open door here.
You see here a +0 sling.
There is a stone staircase leading down here.
There is a transporter here.
There is a transporter here.
There is a transporter here.
There is a transporter here.
You enter the transporter and appear at another place.
m - 3 potions of resistance (gained 2)
You reach down and open the gate.
You feel protected.
You are engulfed in blazing flames.
You resist. The fire bat closely misses you.
There is an open gate here.
You are engulfed in blazing flames.
You resist. The fire bat completely misses you.
You are engulfed in blazing flames.
You resist. The fire bat bites you.
* * * LOW HITPOINT WARNING * * *
You are engulfed in flames.
You resist.
* * * LOW HITPOINT WARNING * * *
Okay, then.
The fire bat bites you.
You die...

#..##..........###....# #..
##.#..##..........#...## #..
#...###.......##...#..## #..
###......(....#........### #.. ##
#..)..#######.©.###....# #.. .#
#.....# ###########.#.# #.. .#
#.....# #○○○$©$☼○○#.#.## #.. .#
######## #○○°$?$°○☼#.#..# ### .#
#...###○○°@b.°○°#.##.# .#
#...+.#°○○○○☼°○☼#.##.# .#
#...#.#°°☼○☼.○☼○#.##.###### .#
###.#.####☼b☼####.##....... .##
#.#.##.○...☼°#..####.####
..#######.#..#.☼#.#☼○#.#####.####
..#.......#.##○°...○○#...........
..#.#........#°☼#©#○°#...###.....
###.[..####..#°....☼.#.#..######.


You could see 2 fire bats.

Vanquished Creatures
  A scorpion (D:4)
  A bombardier beetle (D:4)
  2 orc priests (D:4)
  An iguana (D:4)
  5 gnolls
  6 adders
  4 ribbon worms (D:2)
  5 orcs
  9 endoplasms
  3 giant cockroaches
  9 hobgoblins
  4 jackals (D:1)
  2 quokkas
  8 ball pythons
  4 bats (D:1)
  3 frilled lizards
  3 goblins
  6 kobolds
  5 rats
81 creatures vanquished.

Vanquished Creatures (others)
  154 foxfires
154 creatures vanquished.

Grand Total: 235 creatures vanquished

Notes
Turn   | Place    | Note
-------+----------+-------------------------------------------
     0 | D:1      | hawla the Deep Elf Fire Elementalist began the quest for
                  | the Orb.
     0 | D:1      | Reached XP level 1. HP: 10/10 MP: 6/6
   255 | D:1      | Reached skill level 4 in Fire Magic
   255 | D:1      | Reached XP level 2. HP: 15/15 MP: 5/8
   306 | D:1      | Learned a level 2 spell: Scorch
   709 | D:1      | Reached XP level 3. HP: 12/19 MP: 3/9
   922 | D:2      | Reached skill level 5 in Fire Magic
  1125 | D:2      | Reached XP level 4. HP: 11/24 MP: 3/10
  1130 | D:2      | Learned a level 4 spell: Flame Wave
  1413 | D:2      | Found a shimmering blue altar of Sif Muna.
  1948 | D:3      | Found Okegiej's Book Boutique.
  2035 | D:3      | Reached skill level 6 in Fire Magic
  2263 | D:3      | Found a snail-covered altar of Cheibriados.
  2287 | D:3      | Reached XP level 5. HP: 28/28 MP: 0/11
  2958 | D:4      | Reached skill level 7 in Fire Magic
  3000 | D:4      | Found a transporter.
  3003 | D:4      | Noticed a fire bat
  3065 | D:4      | Reached XP level 6. HP: 32/32 MP: 8/12
  3166 | D:4      | Found a transporter.
  3549 | D:4      | Reached skill level 8 in Fire Magic
  3707 | D:4      | Noticed a fire bat
  3750 | D:4      | Slain by a fire bat

Illustrated notes

Levels and vault maps discovered:
D:1:      lemuel_arrival_lava_pool, layout_basic
D:2:      layout_basic, basic_altar
D:3:      layout_basic, mainiacjoe_overflow_concentric_impassable, serial_shops,
          nicolae_shop_window_shopping
D:4:      gammafunk_cloud_chamber, layout_basic

Skill      XL: |  1  2  3  4  5  6 |
---------------+-------------------+-----
Fire Magic     | 4 5 6 7 8 |  8.0
Dodging        | |  2.4
Stealth        | |  2.4
Spellcasting   | |  3.0
Conjurations   | |  1.1

Action                     |  1- 3 |  4- 6 || total
---------------------------+-------+-------++-------
  Melee: Staff             |     6 |     9 ||    15
   Cast: Foxfire           |    48 |    36 ||    84
         Scorch            |    12 |    37 ||    49
         Flame Wave        |       |     1 ||     1
    Use: Potion            |     3 |     4 ||     7
         Scroll            |       |     5 ||     5
 Armour: Robe              |    22 |    19 ||    41
  Dodge: Dodged            |    22 |    22 ||    44
